 Dungeon Sprint DCSS version 0.30-a0-305-g026cb31310 (webtiles) character file.

Game seed: 2942110808045480078

755 rocky1 the Martial Artist (level 7, -15/64 HPs)
             Began as an Octopode Transmuter on Oct 23, 2022.
             Was a Priest of Cheibriados.
             Shot with an arrow by a centaur warrior (16 damage)
             ... in the Dungeon (Sprint IX: "|||||||||||||||||||||||||||||").
             The game lasted 00:02:21 (694 turns).

rocky1 the Martial Artist (Octopode Transmuter)      Turns: 694, Time: 00:02:22

Health: -15/64     AC: 10    Str: 17    XL:     7   Next: 79%
Magic:  14/17      EV: 15    Int: 24    God:    Cheibriados [***...]
Gold:   0          SH:  0    Dex: 22    Spells: 10/20 levels left

rFire   x . .      SeeInvis .      - Unarmed
rCold   + + +      Faith    .    (shield currently unavailable)
rNeg    . . .      Spirit   .    (helmet currently unavailable)
rPois   +          Reflect  .    (no amulet)
rElec   .          Harm     .    j - +2 ring of protection
rCorr   .          Rampage  .    k - +3 ring of dexterity
Will    .....      NoTele   +    (no ring)
Stlth   ++........               (no ring)
HPRegen 0.30/turn                (no ring)
MPRegen 0.15/turn                (no ring)
                                 (no ring)
                                 (no ring)

@: ice-form, invisible, very slow
A: freezing attack, boosted hp, almost no armour, amphibious, 8 rings, large,
(camouflage 1), (gelatinous body 1), (nimble swimmer 1), (tentacles)
a: End Transformation, Renounce Religion, Bend Time, Temporal Distortion


You were in the Dungeon.
You worshipped Cheibriados.
Cheibriados was most pleased with you.
You were a creature of crystalline ice.
You visited 1 branch

Inventory:

Jewellery
 j - a +2 ring of protection (left front paw)
 k - a +3 ring of dexterity (right front paw)
Wands
 i - a wand of iceblast (10)
Scrolls
 g - 2 scrolls of blinking
 h - 2 scrolls of amnesia
Potions
 a - a potion of lignification
 b - 5 potions of curing
 d - a potion of haste
 e - 4 potions of magic


   Skills:
 + Level 7.4 Fighting
 + Level 7.7 Dodging
 * Level 8.0 Unarmed Combat
 + Level 7.1 Spellcasting
 + Level 7.7 Transmutations
 + Level 0.0 Invocations


You had 10 spell levels left.
You knew the following spells:

 Your Spells              Type           Power      Damage    Failure   Level
a - Beastly Appendage     Tmut           90%        N/A       1%          1
b - Wereblood             Tmut           45%        N/A       1%          2
c - Spider Form           Tmut/Pois      27%        N/A       4%          3
d - Ice Form              Ice/Tmut       27%        N/A       14%         4

Your spell library contained the following spells:

 Spells                   Type           Power      Damage    Failure   Level


Dungeon Overview and Level Annotations

Branches:
Dungeon (1/1)

Altars:
Cheibriados
Dithmenos
Elyvilon
Fedhas
Gozag
Hepliaklqana
Kikubaaqudgha
Makhleb
Nemelex Xobeh
Okawaru
Qazlal
Ru
Sif Muna
Trog
Uskayaw
Vehumet
Wu Jian
Xom
Yredelemnul
Zin
The Shining One
Jiyva
Lugonu


Innate Abilities, Weirdness & Mutations

You are a creature of crystalline ice.
You have a powerful freezing melee attack.
Your maximum health is increased.
Your armour is entirely melded.
You are incapable of wielding weapons or throwing items.
You cannot wear most types of armour.
You are amphibious.
You can wear up to eight rings at the same time.
((Your skin changes colour to match your surroundings (Stealth+).))
((Your rubbery body absorbs attacks. (AC +1, EV +1)))
((You are camouflaged when in or above water. (Stealth+)))
((You have tentacles for arms and can constrict up to eight enemies at once.))


Message History

The centaur warrior barely misses you.
There is an open door here.
You hit the boulder beetle but do no damage.
The boulder beetle is heavily wounded.
The centaur warrior closely misses you. The centaur warrior kicks you.
* * * LOW HITPOINT WARNING * * *
The boulder beetle bites you.
* * * LOW HITPOINT WARNING * * *
Unknown command.
You feel much better.
The centaur warrior barely misses you. x2
The boulder beetle bites you.
You fade into invisibility!
The centaur warrior hits you. The centaur warrior closely misses you.
The centaur warrior wields a +0 longbow.
The centaur warrior shoots an arrow.
The arrow barely misses the centaur warrior.
The arrow hits you!
* * * LOW HITPOINT WARNING * * *
The centaur warrior hits you.
* * * LOW HITPOINT WARNING * * *
The centaur warrior kicks you.
* * * LOW HITPOINT WARNING * * *
The boulder beetle bites you!
* * * LOW HITPOINT WARNING * * *
You feel much better.
The centaur warrior shoots an arrow.
The arrow barely misses the centaur warrior.
The arrow misses you.
The arrow hits the boulder beetle!!
The boulder beetle barely misses you.
Unknown command.
You hit the boulder beetle but do no damage.
The boulder beetle is severely wounded.
The centaur warrior hits you!
* * * LOW HITPOINT WARNING * * *
The centaur warrior barely misses you. The centaur warrior hits you!
* * * LOW HITPOINT WARNING * * *
The centaur warrior kicks you but does no damage.
The centaur warrior shoots an arrow.
The arrow closely misses the centaur warrior.
The arrow hits you!
You die...

▓.▓
▓'▓
▓)▓
▓)▓
▓.▓
▓.▓
▓.▓
▓B▓
▓Y▓
▓c▓
▓c▓
▓H▓
▓R▓
▓B▓
▓.▓
▓+▓


You could see 2 boulder beetles, 2 centaur warriors, a manticore (unable to see
you) and an efreet (unable to see you).

Vanquished Creatures
  A yak (D)
  A vampire mosquito (D)
  An ice beast (D)
  An orc warrior (D)
  A black bear (D)
  A gnoll sergeant (D)
  A scorpion (D)
  A killer bee (D)
  A howler monkey (D)
  2 orcs (D)
  A ball python (D)
  A goblin (D)
  A kobold (D)
  A quokka (D)
  A frilled lizard (D)
16 creatures vanquished.

Notes
Turn   | Place    | Note
-------+----------+-------------------------------------------
     0 | D        | rocky1 the Octopode Transmuter began the quest for the Orb.
     0 | D        | Reached XP level 1. HP: 13/13 MP: 3/3
   134 | D        | Noticed an ice beast
   134 | D        | Noticed a scorpion
   134 | D        | Noticed a black bear
   141 | D        | Killed an ice beast
   142 | D        | Reached skill level 4 in Unarmed Combat
   142 | D        | Reached XP level 2. HP: 22/22 MP: 2/7
   142 | D        | Reached XP level 3. HP: 27/27 MP: 2/8
   142 | D        | Reached XP level 4. HP: 33/33 MP: 2/10
   143 | D        | Killed a scorpion
   144 | D        | Reached skill level 5 in Dodging
   144 | D        | Reached skill level 5 in Unarmed Combat
   144 | D        | Reached skill level 5 in Transmutations
   144 | D        | Reached XP level 5. HP: 38/38 MP: 2/11
   148 | D        | Killed a black bear
   149 | D        | Reached skill level 5 in Fighting
   149 | D        | Reached skill level 6 in Unarmed Combat
   149 | D        | Reached skill level 5 in Spellcasting
   149 | D        | Reached XP level 6. HP: 43/45 MP: 3/13
   414 | D        | Found a snail-covered altar of Cheibriados.
   414 | D        | Found a shadowy altar of Dithmenos.
   414 | D        | Found a white marble altar of Elyvilon.
   414 | D        | Found a blossoming altar of Fedhas.
   414 | D        | Found an opulent altar of Gozag.
   415 | D        | Found a hazy altar of Hepliaklqana.
   416 | D        | Found a viscous altar of Jiyva.
   417 | D        | Found an ancient bone altar of Kikubaaqudgha.
   418 | D        | Became a worshipper of Cheibriados the Contemplative
   419 | D        | Found a corrupted altar of Lugonu.
   420 | D        | Found a burning altar of Makhleb.
   421 | D        | Found a sparkling altar of Nemelex Xobeh.
   422 | D        | Found an iron altar of Okawaru.
   423 | D        | Found a stormy altar of Qazlal.
   424 | D        | Found a sacrificial altar of Ru.
   425 | D        | Found a shimmering blue altar of Sif Muna.
   426 | D        | Found a bloodstained altar of Trog.
   427 | D        | Found a hide-covered altar of Uskayaw.
   428 | D        | Found a radiant altar of Vehumet.
   429 | D        | Found an ornate altar of the Wu Jian Council.
   430 | D        | Found a shimmering altar of Xom.
   431 | D        | Found a basalt altar of Yredelemnul.
   432 | D        | Found a glowing silver altar of Zin.
   433 | D        | Found a glowing golden altar of the Shining One.
   464 | D        | Learned a level 2 spell: Wereblood
   468 | D        | Learned a level 3 spell: Spider Form
   473 | D        | Learned a level 4 spell: Ice Form
   475 | D        | Noticed an orc warrior
   475 | D        | Noticed a yak
   475 | D        | Noticed a vampire mosquito
   493 | D        | Killed an orc warrior
   493 | D        | Reached * piety under Cheibriados
   500 | D        | Reached skill level 7 in Unarmed Combat
   500 | D        | Reached XP level 7. HP: 44/53 MP: 11/16
   503 | D        | Reached ** piety under Cheibriados
   508 | D        | Killed a yak
   513 | D        | Killed a vampire mosquito
   513 | D        | Reached *** piety under Cheibriados
   514 | D        | Reached skill level 8 in Unarmed Combat
   682 | D        | Noticed a boulder beetle
   682 | D        | Noticed a centaur warrior
   682 | D        | Noticed a centaur warrior
   682 | D        | Noticed a manticore
   682 | D        | Noticed an efreet
   682 | D        | Noticed a boulder beetle
   694 | D        | HP: 1/64 [centaur warrior (11)]
   694 | D        | Shot with an arrow by a centaur warrior

Illustrated notes

Levels and vault maps discovered:
D:        linesprint [early_d, line_temple, items_1, d_10, items_2, lair_1,
          lair_end, items_3, orc_1, orc_end, items_4, d_15, swamp_1, shoals_1,
          snake_1, spider_1, d_20, vaults_1, items_5, swamp_end, shoals_end,
          snake_end, spider_end, vaults_end, d_27, items_6, zot_1, zot_end,
          crypt_end, forest_end, elf_end, slime_end, tomb_end, abyss_end,
          pan_hell_end]

Skill      XL: |  1  2  3  4  5  6  7 |
---------------+----------------------+-----
Fighting       | 4 5 6 7 |  7.4
Dodging        | 4 5 6 7 |  7.7
Unarmed Combat | 4 5 6 7 8 |  8.0
Spellcasting   | 4 5 6 7 |  7.1
Transmutations | 4 5 6 7 |  7.7

Action                   |  1- 3 |  4- 6 |  7- 9 || total
-------------------------+-------+-------+-------++-------
Melee: Unarmed           |    18 |    28 |    20 ||    66
       Kick              |     4 |     1 |       ||     5
       Constrict         |     3 |     3 |     1 ||     7
       Tentacles         |     3 |     2 |       ||     5
       Punch             |     1 |       |     1 ||     2
 Cast: Beastly Appendage |     2 |       |       ||     2
       Spider Form       |       |     1 |       ||     1
       Wereblood         |       |     1 |       ||     1
       Ice Form          |       |       |     1 ||     1
  Use: Potion            |     1 |     1 |     3 ||     5
Armor: Skin              |       |     1 |     2 ||     3
Dodge: Dodged            |     8 |    24 |    22 ||    54

Table legend: (Time is in decaauts)
 A = Elapsed time spent in this place.
 B = Non-inter-level travel time spent in this place.
 C = Inter-level travel time spent in this place.
 D = Time resting spent in this place.
 E = Time spent auto-exploring this place.
 F = Levels seen in this place.
 G = Mean time per level.
                   A        B        C        D        E       F      G
               +--------+--------+--------+--------+--------+-----+--------+
         Total |    708 |    708 |      0 |    543 |      0 |   1 |  708.0 |
       Dungeon |    708 |    708 |      0 |    543 |      0 |   1 |  708.0 |
               +--------+--------+--------+--------+--------+-----+--------+

Top non-repeatable levels by time:
       D: 708 daAuts
